 Dungeon Crawl Stone Soup version 0.21.1-1-g345015f (webtiles) character file.

4446 Stormphoenix the Severer (level 10, -2/80 HPs)
             Began as a Minotaur Berserker on June 19, 2018.
             Was a High Priest of Trog.
             Slain by an orc knight
             ... wielding a +0 broad axe
              (22 damage)
             ... on level 7 of the Dungeon.
             The game lasted 00:14:01 (6977 turns).

Stormphoenix the Severer (Minotaur Berserker)       Turns: 6977, Time: 00:14:01

Health: -2/80      AC: 14    Str: 25    XL:     10   Next: 15%
Magic:  9/9        EV: 10    Int:  4    God:    Trog [*****.]
Gold:   374        SH:  0    Dex: 10    Spells: 9/9 levels left

rFire    . . .     SeeInvis .   D - +3 war axe (freeze)
rCold    . . .     Gourm    .   (no shield)
rNeg     . . .     Faith    .   j - +0 scale mail
rPois    +         Spirit   .   (helmet restricted)
rElec    .         Reflect  .   g - +0 cloak
rCorr    .         Harm     .   r - +2 pair of gloves
MR       .....                  p - +2 pair of boots
Stlth    ..........             (no amulet)
HPRegen  0.23/turn              y - ring of poison resistance
MPRegen  0.11/turn              (no ring)

@: berserk cooldown, slowed, very slow
A: retaliatory headbutt, horns 2
a: Berserk, Trog's Hand, Brothers in Arms, Burn Spellbooks, Renounce Religion


You were on level 7 of the Dungeon.
You worshipped Trog.
Trog was extremely pleased with you.
You were very hungry.

You visited 2 branches of the dungeon, and saw 8 of its levels.
You also visited: Sewer.

You collected 374 gold pieces.

Inventory:

Hand Weapons
 D - a +3 war axe of freezing (weapon)
Armour
 g - a +0 cloak (worn)
 j - a +0 scale mail (worn)
 l - a +0 plate armour
 p - a +2 pair of boots (worn)
 r - a +2 pair of gloves (worn)
 A - a +0 shield
Jewellery
 y - a ring of poison resistance (left hand)
Wands
 v - a wand of flame (27)
 z - a wand of polymorph (10)
Scrolls
 e - 6 scrolls of remove curse
 s - 2 scrolls of blinking
 u - 3 scrolls of teleportation
Potions
 b - a potion of curing
 d - a potion of berserk rage
 f - 2 potions of haste {unknown}
 h - 4 potions of heal wounds
 i - 3 potions of cancellation {unknown}
 k - 3 potions of lignification {unknown}
 m - 3 potions of agility {unknown}
 n - a potion of invisibility {unknown}
 o - a potion of might {unknown}
 q - a potion of flight {unknown}
 t - a potion of magic {unknown}
 B - a potion of mutation {unknown}
Comestibles
 a - 4 chunks of flesh
 c - 4 rations


   Skills:
 + Level 4.7 Fighting
 - Level 16.1 Axes
 + Level 3.8 Armour
 - Level 2.1 Dodging
 + Level 2.6 Shields


You had 9 spell levels left.
You didn't know any spells.

Dungeon Overview and Level Annotations

Branches:
Dungeon (7/15)             Temple (1/1) D:5

Altars:
Cheibriados
Elyvilon
Fedhas
Gozag
Hepliaklqana
Kikubaaqudgha
Makhleb
Okawaru
Qazlal
Ru
Sif Muna
Trog
Uskayaw
Vehumet
Wu Jian
Yredelemnul
Zin
The Shining One


Innate Abilities, Weirdness & Mutations

You reflexively headbutt those who attack you in melee.
You have a pair of horns on your head.


Message History

The orc warrior throws a stone.
The stone hits you but does no damage.
You feel much better.
The orc knight no longer looks unusually strong.
The orc knight completely misses you. The orc hits you but does no damage.
The orc warrior throws a stone.
The stone hits you but does no damage. The orc hits you but does no damage.
The orc knight barely misses you. You furiously retaliate!
You headbutt the orc knight, but do no damage. 2 orcs come into view.
You fail to use your ability.
The orc knight hits you with a long sword of holy wrath!!
* * * LOW HITPOINT WARNING * * *
The orc hits you but does no damage.
The orc priest looks braver for a moment.
The orc barely misses you.
The orc warrior throws a stone.
The stone barely misses you.
The stone hits the orc!
The orc dies!
The orc hits you but does no damage.
The orc moves out of view.
The orc knight hits you with a broad axe!!
You die...

# ##### (. ....# ########....#
.#.....oo....# ......o@o#
.......oo# .#..o...(#
###############)#
...'....)....)..#
..#....#)...[..# .. ≈≈....
#)...#.......# #'###≈≈P...
######)'''#############...#≈≈....
......................#oo.#≈≈....


You could see 2 orc knights, an orc warrior, an orc priest and 3 orcs.

Vanquished Creatures
  Prince Ribbit (D:7)
  A hippogriff (D:7)
  Sigmund (D:2)
  Menkaure (D:7)
  4 wargs (D:7)
  5 orc warriors (D:7)
  2 sky beasts
  A phantom (D:7)
  An ogre (D:5)
  7 big kobolds (Sewer)
  2 bullfrogs
  3 scorpions
  8 killer bees (D:7)
  2 howler monkeys
  2 jellies (D:5)
  3 crimson imps
  A bullfrog zombie (D:5)
  A centaur zombie (D:6)
  2 hounds
  A centaur skeleton (D:4)
  2 gnoll shamans (D:7)
  4 orc priests
  2 iguanas
  A bullfrog skeleton (D:4)
  5 orc wizards
  4 worker ants
  A killer bee zombie (D:5)
  A hound skeleton (D:5)
  12 gnolls
  13 adders
  A river rat (Sewer)
  2 shadow imps (D:5)
  An ooze (Sewer)
  An adder zombie (D:6)
  8 worms
  2 dart slugs
  7 leopard geckos
  37 orcs
  6 ball pythons
  5 bats
  7 giant cockroaches
  10 goblins
  6 hobgoblins
  5 jackals (D:3)
  4 quokkas
  5 frilled lizards
  A jackal zombie (D:7)
  12 kobolds
  2 leopard gecko skeletons
  6 rats
222 creatures vanquished.

Vanquished Creatures (others)
  2 orcs (D:7)
2 creatures vanquished.

Grand Total: 224 creatures vanquished

Notes
Turn   | Place    | Note
-------+----------+-------------------------------------------
     0 | D:1      | Stormphoenix the Minotaur Berserker began the quest for the Orb.
     0 | D:1      | Reached XP level 1. HP: 19/19 MP: 0/0
    42 | D:1      | Reached skill level 4 in Axes
   302 | D:1      | Reached XP level 2. HP: 20/26 MP: 1/1
   805 | D:1      | Reached skill level 5 in Axes
   857 | D:1      | Reached ** piety under Trog
   950 | D:2      | Reached XP level 3. HP: 22/31 MP: 2/2
  1723 | D:2      | Noticed Sigmund
  1732 | D:2      | Killed Sigmund
  1732 | D:2      | Reached skill level 7 in Axes
  1732 | D:2      | Reached XP level 4. HP: 37/39 MP: 3/3
  1732 | D:2      | Reached XP level 5. HP: 43/45 MP: 4/4
  1960 | D:2      | Found a deep blue altar of Sif Muna.
  2108 | D:3      | Reached skill level 8 in Axes
  2113 | D:3      | Reached XP level 6. HP: 29/51 MP: 5/5
  2514 | D:3      | Reached *** piety under Trog
  2778 | D:4      | Reached skill level 9 in Axes
  2783 | D:4      | Found an opulent altar of Gozag.
  2845 | D:4      | Found a sacrificial altar of Ru.
  3081 | D:4      | Found a glowing drain.
  3092 | D:4      | Reached XP level 7. HP: 45/57 MP: 6/6
  3109 | Sewer    | Entered a sewer
  3188 | Sewer    | Reached skill level 10 in Axes
  3361 | Sewer    | Reached skill level 11 in Axes
  3687 | Sewer    | Reached XP level 8. HP: 59/64 MP: 7/7
  3936 | D:4      | Reached **** piety under Trog
  3936 | D:4      | Reached skill level 12 in Axes
  3987 | D:4      | Found a blossoming altar of Fedhas.
  4516 | D:5      | Entered Level 5 of the Dungeon
  4676 | D:5      | Reached skill level 13 in Axes
  4927 | D:5      | Found a glowing golden altar of the Shining One.
  5258 | D:5      | Found a staircase to the Ecumenical Temple.
  5271 | Temple   | Entered the Ecumenical Temple
  5797 | D:6      | Reached XP level 9. HP: 54/70 MP: 8/8
  6210 | D:7      | Reached skill level 14 in Axes
  6221 | D:7      | Noticed Menkaure
  6228 | D:7      | Killed Menkaure
  6264 | D:7      | Reached skill level 15 in Axes
  6569 | D:7      | Noticed Prince Ribbit
  6575 | D:7      | Killed Prince Ribbit
  6575 | D:7      | Reached skill level 16 in Axes
  6582 | D:7      | Found a stormy altar of Qazlal.
  6599 | D:7      | Reached ***** piety under Trog
  6735 | D:7      | Reached skill level 1 in Shields
  6745 | D:7      | Reached XP level 10. HP: 63/78 MP: 9/9
  6961 | D:7      | Noticed an orc knight
  6961 | D:7      | Noticed an orc knight
  6973 | D:7      | HP: 3/80 [orc knight/broad axe (25)]
  6977 | D:7      | Slain by an orc knight

Skill      XL: |  1  2  3  4  5  6  7  8  9 10 |
---------------+-------------------------------+-----
Axes           | 4 5 7 8 9 11 13 16 | 16.1
Fighting       | 4 |  4.7
Shields        | 1 2 |  2.6
Armour         | 3 |  3.8
Dodging        | |  2.1

Action                   |  1- 3 |  4- 6 |  7- 9 | 10-12 || total
-------------------------+-------+-------+-------+-------++-------
Melee: Hand axe          |    69 |   134 |   256 |       ||   459
       Headbutt          |     9 |    21 |    57 |     7 ||    94
       War axe           |       |       |    81 |    50 ||   131
Invok: Berserk           |     1 |     1 |     3 |     1 ||     6
       Burn Spellbooks   |     1 |       |       |       ||     1
  Use: Scroll            |       |    11 |     2 |       ||    13
       Potion            |       |       |       |     2 ||     2
  Eat: Chunk             |     2 |     3 |     9 |       ||    14
       Ration            |       |     1 |     2 |       ||     3
Armor: Animal skin       |     9 |     5 |       |       ||    14
       Scale mail        |       |    37 |   126 |    26 ||   189
Dodge: Dodged            |    43 |    61 |   126 |    24 ||   254
